 Dungeon Crawl Stone Soup version 0.25.1-2-g60ff931df9 (webtiles) character file.

Game seed: 5263918983032633082

168 BledDest the Chopper (level 5, 0/45 HPs)
             Began as a Draconian Monk on July 31, 2020.
             Slain by an orc wizard
             ... wielding a +2 dagger of draining
              (1 damage)
             ... on level 2 of the Dungeon.
             The game lasted 00:04:30 (3370 turns).

BledDest the Chopper (Draconian Monk)               Turns: 3370, Time: 00:04:31

Health: 0/45       AC:  5    Str: 20    XL:     5   Next: 24%
Magic:  5/5        EV: 11    Int: 10    God:
Gold:   141        SH:  0    Dex: 14    Spells: 4/4 levels left

rFire    . . .     SeeInvis .   a - +0 hand axe
rCold    . . .     Gourm    .   (no shield)
rNeg     . . .     Faith    .   (armour unavailable)
rPois    .         Spirit   .   (helmet restricted)
rElec    .         Reflect  .   (no cloak)
rCorr    .         Harm     .   (no gloves)
MR       .....                  (no boots)
Stlth    +.........             (no amulet)
HPRegen  0.15/turn              j - +6 ring of strength
MPRegen  0.09/turn              (no ring)

@: very heavily drained
A: unfitting armour, cold-blooded, AC +5
a: no special abilities


You were on level 2 of the Dungeon.
You were not hungry.

You visited 1 branch of the dungeon, and saw 3 of its levels.

You collected 141 gold pieces.

Inventory:

Hand Weapons
 a - a +0 hand axe (weapon)
Missiles
 d - 104 stones (quivered)
Armour
 n - a +0 kite shield
Jewellery
 j - a +6 ring of strength (left hand)
Wands
 q - a wand of acid (2)
Scrolls
 c - 3 scrolls of remove curse {unknown}
 e - 2 scrolls of identify {unknown}
 f - 2 scrolls of enchant weapon {unknown}
 k - a scroll of immolation {unknown}
 l - a scroll of teleportation {unknown}
Potions
 g - 2 potions of degeneration {unknown}
 h - a potion of stabbing {unknown}
 i - 2 potions of might {unknown}
 m - 2 potions of heal wounds {unknown}
 p - a potion of resistance {unknown}
Comestibles
 b - 5 rations
 o - 6 chunks of flesh


   Skills:
 - Level 3.2(0.0) Fighting
 * Level 6.0(1.6) Axes
 - Level 2.6(0.0) Dodging
 - Level 1.7(0.0) Stealth


You had 4 spell levels left.
You didn't know any spells.
Your spell library was empty.

Dungeon Overview and Level Annotations

Branches:
Dungeon (3/15)

Altars:


Innate Abilities, Weirdness & Mutations

Your plain brown scales are hard. (AC +5)
You cannot fit into any form of body armour.
You are cold-blooded and may be slowed by cold attacks.


Message History

You miss something. You tail-slap something.
Something hits you but does no damage.
You feel drained.
You miss something. Something hits you.
* * * LOW HITPOINT WARNING * * *
You feel drained.
You barely miss something. Something hits you.
* * * LOW HITPOINT WARNING * * *
You feel drained. Something hits you but does no damage.
You feel drained.
You hit something but do no damage. Something hits you but does no damage.
You feel drained. Something hits you.
* * * LOW HITPOINT WARNING * * *
You feel drained.
* * * LOW HITPOINT WARNING * * *
You hit something.
Your tail-slap misses something.
Something hits you but does no damage.
You feel drained.
You closely miss something. Something hits you but does no damage.
You feel drained. Something hits you but does no damage.
You feel drained.
You miss something. Something hits you but does no damage.
You feel drained. Something hits you.
You die...

..# #..##.##.## #.# #..P♣. ###
##.#.....# #.#####P≈≈.≈ #
#.#..#### #.....).≈♣≈. ####
###....## #####.÷≈♣≈≈≈ ...#
#....#..# #..P.≈.≈≈
##.####.#.###.## #...P.≈≈≈
.[..#...#.###..# #....≈≈.≈
##.............##########.....♣..
####.###....#...@{..)............
.###.###)...####.#######......###
............# #..# ###......# #
.....#......## ##.# ##........# #
....###......####.###..###.#.##
###...##........#.#...###..#.#
###.##....###.#.#.#####.##.#
#.......# #........##.##.#
#######.....#####....#.#.....#


There were no monsters in sight!

Vanquished Creatures
  7 adders
  8 worms
  2 dart slugs
  3 leopard geckos (D:1)
  An orc (D:3)
  5 bats
  4 giant cockroaches
  10 goblins
  7 hobgoblins
  6 jackals
  6 kobolds
  3 quokkas
  5 frilled lizards
  10 rats
77 creatures vanquished.

Notes
Turn   | Place    | Note
-------+----------+-------------------------------------------
     0 | D:1      | BledDest the Draconian Monk began the quest for the Orb.
     0 | D:1      | Reached XP level 1. HP: 19/19 MP: 1/1
    78 | D:1      | Reached XP level 2. HP: 25/26 MP: 2/2
   159 | D:1      | Reached skill level 4 in Axes
   553 | D:1      | Reached XP level 3. HP: 26/31 MP: 3/3
  1576 | D:2      | Reached skill level 5 in Axes
  1576 | D:2      | Reached XP level 4. HP: 20/38 MP: 4/4
  2614 | D:3      | Reached XP level 5. HP: 27/45 MP: 5/5
  3227 | D:3      | Reached skill level 6 in Axes
  3367 | D:2      | HP: 2/45 [something (3)]
  3370 | D:2      | Slain by an orc wizard

Illustrated notes

Levels and vault maps discovered:
D:1:      mrwooster_arrival_statue_3, layout_rooms
D:2:      layout_rooms, serial_bayou, serial_bayou_pond_d, serial_bayou_pond_b,
          serial_bayou_pond_e, serial_bayou_pond_a
D:3:      layout_rooms, lemuel_round_altar, first_ration, serial_glass,
          glass_columns_a, glass_columns_c, glass_columns_b, glass_columns_a,
          glass_columns_b, glass_columns_b, glass_columns_a, glass_columns_c,
          minmay_starry_boxes

Skill      XL: |  1  2  3  4  5 |
---------------+----------------+-----
Axes           | 4 5 6 |  6.0
Fighting       | |  3.2
Dodging        | |  2.6
Stealth        | |  1.7

Action                   |  1- 3 |  4- 6 || total
-------------------------+-------+-------++-------
Melee: Hand axe          |   144 |   136 ||   280
       Tailslap          |    17 |    24 ||    41
Throw: Stone             |     8 |       ||     8
 Stab: Sleeping          |     2 |     2 ||     4
  Eat: Ration            |     1 |       ||     1
       Chunk             |       |     5 ||     5
Armor: Skin              |    46 |    37 ||    83
Dodge: Dodged            |   122 |    84 ||   206
